[Event "Titled Tuesday Blitz June 6 Late 2023"]
[White "Nakamura, Hikaru"]
[Black "Kuzhilniy, Oleksandr"]
[WhiteFideId "2016192"]
[BlackFideId "34110500"]
[WhiteElo "2874"]
[BlackElo "2074"]
[Result "1-0"]
[Round "5"]
[TimeControl "180+2"]
[Date "2023.06.07"]
[WhiteClock "0:01:07"]
[BlackClock "0:00:21"]
[Board "15"]

1. g3 d5 2. Bg2 Nf6 3. d3 e5 4. Nd2 c6 5. e4 Bd6 6. Ngf3 O-O 7. O-O Re8 8. Re1 h6 9. b3 a5 10. Bb2 Qc7 11. a3 Nbd7 12. Nh4 Nf8 13. h3 Be6 14. Qf3 a4 15. b4 N8h7 16. Nf5 dxe4 17. dxe4 Bf8 18. h4 Rad8 19. Qe2 c5 20. c3 c4 21. Ne3 b5 22. f3 Rd3 23. Qf2 Red8 24. Rad1 Qd7 25. Ndf1 Qa7 26. Rxd3 Rxd3 27. Nc2 Qxf2+ 28. Kxf2 Be7 29. Rc1 Bd8 30. Ne1 Bb6+ 31. Ke2 Rd8 32. Rb1 Nf8 33. Bc1 Ng6 34. Be3 Bxe3 35. Kxe3 Ne7 36. Nd2 Nh5 37. Nf1 Nf6 38. Kf2 Nh5 39. Rb2 g5 40. hxg5 hxg5 41. Ne3 Kg7 42. Bf1 Kg6 43. Be2 Rd6 44. N1g2 Rd8 45. Rc2 f5 46. exf5+ Nxf5 47. g4 Nxe3 48. gxh5+ Kxh5 49. Nxe3 Kg6 50. Nf1 Bf5 51. Rd2 Rxd2 52. Nxd2 Kf6 53. Kg3 Bc2 54. Bf1 Kf5 55. Bh3+ Kf6 56. Bd7 1-0


[Site "https://www.chess.com"]

[Event "Titled Tuesday Blitz June 6 Late 2023"]
[White "Pulpan, Jakub"]
[Black "Andreikin, Dmitry"]
[WhiteFideId "302759"]
[BlackFideId "4158814"]
[WhiteElo "2484"]
[BlackElo "2736"]
[Result "0-1"]
[Round "5"]
[TimeControl "180+2"]
[Date "2023.06.07"]
[WhiteClock "0:00:03"]
[BlackClock "0:00:42"]
[Board "16"]

1. Nf3 b6 2. e4 Bb7 3. Nc3 e6 4. a3 c5 5. d4 cxd4 6. Nxd4 a6 7. g3 d6 8. Bg2 Nd7 9. O-O Rc8 10. Re1 Be7 11. Nd5 exd5 12. exd5 Kf8 13. Nf5 Ne5 14. Qd4 Bf6 15. Qb4 Rc5 16. Be3 a5 17. Qb3 Bc8 18. Bxc5 bxc5 19. Ne3 g6 20. Nc4 Nxc4 21. Qxc4 Kg7 22. c3 Ne7 23. b4 axb4 24. axb4 cxb4 25. Qxb4 Nf5 26. Ra8 Re8 27. Rxe8 Qxe8 28. Bf1 Qd7 29. Qb8 Ne7 30. Ra7 Qf5 31. Qxd6 Qxd5 32. Qxd5 Nxd5 33. Bc4 Be6 34. Ra5 Nxc3 35. Bxe6 fxe6 36. Ra7+ Kg8 37. Kg2 Nd5 38. h4 Be7 39. Rb7 h5 40. Ra7 Kf7 41. Rb7 Kf6 42. Ra7 Kf5 43. Ra4 Bc5 44. Rc4 Bb6 45. Ra4 e5 46. Ra8 Nf6 47. Rf8 Bc5 48. Rf7 Ke6 49. Rc7 Bd4 50. Rg7 Kf5 51. Rf7 e4 52. Rf8 Ke6 53. Rc8 Ng4 54. f3 Ne3+ 55. Kf2 Nf5+ 56. Kg2 e3 57. Re8+ Kd5 58. Rg8 e2 59. Re8 Be3 60. Rxe3 Nxe3+ 61. Kf2 Nf5 62. Kxe2 Nxg3+ 0-1


[Site "https://www.chess.com"]

[Event "Titled Tuesday Blitz June 6 Late 2023"]
[White "Hakobyan, Aram"]
[Black "benny_aizenberg"]
[WhiteFideId "13306677"]
[WhiteElo "2584"]
[BlackElo "2718"]
[Result "1-0"]
[Round "5"]
[TimeControl "180+2"]
[Date "2023.06.07"]
[WhiteClock "0:01:41"]
[BlackClock "0:00:47"]
[Board "17"]

1. d4 Nf6 2. c4 e6 3. Nc3 Bb4 4. e3 d5 5. a3 Bxc3+ 6. bxc3 O-O 7. cxd5 exd5 8. Bd3 c5 9. Ne2 b6 10. O-O Ba6 11. Ng3 Re8 12. f3 Bxd3 13. Qxd3 Nc6 14. Bb2 h5 15. Rae1 g6 16. e4 h4 17. Nh1 Nh5 18. Qd2 Qd7 19. Nf2 Rac8 20. Ng4 dxe4 21. Qg5 Qe7 22. Qxe7 Rxe7 23. fxe4 Na5 24. Bc1 cxd4 25. cxd4 Nb3 26. Bg5 Rd7 27. d5 h3 28. gxh3 Rc3 29. e5 Rxd5 30. Nh6+ Kh8 31. Nxf7+ Kg7 32. e6 Nd4 33. e7 Nf3+ 34. Rxf3 Rxf3 35. Bh6+ Kf6 36. e8=Q Ng7 37. Qe7+ Kf5 38. Qg5# 1-0


[Site "https://www.chess.com"]

[Event "Titled Tuesday Blitz June 6 Late 2023"]
[White "Wagner, Dennis"]
[Black "Kramnik, Vladimir"]
[WhiteFideId "24650684"]
[BlackFideId "4101588"]
[WhiteElo "2478"]
[BlackElo "2703"]
[Result "1/2-1/2"]
[Round "5"]
[TimeControl "180+2"]
[Date "2023.06.07"]
[WhiteClock "0:00:09"]
[BlackClock "0:00:10"]
[Board "18"]

1. d4 Nf6 2. c4 e6 3. Nf3 d5 4. g3 dxc4 5. Bg2 Nbd7 6. O-O Rb8 7. a4 a6 8. a5 Bd6 9. Nbd2 b5 10. axb6 Nxb6 11. Ne5 Bxe5 12. dxe5 Nfd5 13. Ne4 h6 14. Bd2 O-O 15. Qc1 Qe7 16. Ra3 c3 17. Nxc3 Nc4 18. Ra2 Nb4 19. Ra4 Bd7 20. Ra1 Nxd2 21. Qxd2 Rfd8 22. Qf4 Bc6 23. Bxc6 Nxc6 24. Rxa6 Nd4 25. e3 Nb3 26. Ne4 Rb4 27. Qf3 Nc5 28. Nxc5 Qxc5 29. Rc6 Qxe5 30. Rfc1 Rxb2 31. Rxc7 Qf6 32. Qxf6 gxf6 33. Rc8 Rxc8 34. Rxc8+ Kg7 35. Kg2 f5 36. h4 Kg6 37. Kf3 Kg7 38. Rc4 Ra2 39. Rb4 Kg6 40. Rb5 Ra4 41. Rc5 h5 42. Rb5 f6 43. Rb8 e5 44. Rg8+ Kh7 45. Rf8 Kg7 46. Rb8 Ra2 47. Rb7+ Kg6 48. Rb8 Kg7 49. Rb7+ Kg6 50. Rb8 e4+ 51. Kg2 Kg7 52. Rb7+ Kg6 53. Rc7 Rb2 54. Rd7 Ra2 55. Rc7 Rb2 56. Rd7 Ra2 57. Rc7 1/2-1/2


[Site "https://www.chess.com"]

[Event "Titled Tuesday Blitz June 6 Late 2023"]
[White "Kevlishvili, Robby"]
[Black "Gokerkan, Cem Kaan"]
[WhiteFideId "1040634"]
[BlackFideId "6336760"]
[WhiteElo "2572"]
[BlackElo "2365"]
[Result "1-0"]
[Round "5"]
[TimeControl "180+2"]
[Date "2023.06.07"]
[WhiteClock "0:01:20"]
[BlackClock "0:00:12"]
[Board "19"]

1. e4 c5 2. Nf3 d6 3. Nc3 Nf6 4. d4 cxd4 5. Nxd4 e5 6. Bb5+ Nbd7 7. Nf5 a6 8. Bxd7+ Qxd7 9. Ne3 Be7 10. O-O O-O 11. Ned5 Nxd5 12. Nxd5 Bd8 13. a4 Qc6 14. Be3 Be6 15. b3 f5 16. c4 fxe4 17. Ra2 Rc8 18. h3 Bxd5 19. cxd5 Qc3 20. Qg4 Qxb3 21. Qxc8 Qxa2 22. Qe6+ Kh8 23. Qxd6 Rg8 24. Qd7 Qb3 25. d6 Qd5 26. Rb1 Bf6 27. Rc1 Rd8 28. Rc8 Qg8 29. Rxd8 Qxd8 30. Qc7 b5 31. axb5 axb5 32. Bb6 Qg8 33. Ba5 h6 34. d7 Kh7 35. d8=Q Bxd8 36. Qxd8 Qc4 37. Qd2 Kg6 38. Bc3 Kf5 39. Qb2 Qd5 40. Qe2 Qd3 41. Qh5+ Ke6 42. Qxe5+ Kd7 43. Qxg7+ Kc6 44. Qd4 1-0


[Site "https://www.chess.com"]

[Event "Titled Tuesday Blitz June 6 Late 2023"]
[White "Durarbayli, Vasif"]
[Black "Gritsenko, Nikolai"]
[WhiteFideId "13402935"]
[BlackFideId "14112493"]
[WhiteElo "2551"]
[BlackElo "2389"]
[Result "1-0"]
[Round "5"]
[TimeControl "180+2"]
[Date "2023.06.07"]
[WhiteClock "0:00:50"]
[BlackClock "0:00:02"]
[Board "20"]

1. e4 e5 2. Nf3 d6 3. Bc4 Nf6 4. d3 Be7 5. O-O O-O 6. Re1 Be6 7. Nbd2 Nc6 8. Bxe6 fxe6 9. c3 h6 10. Qb3 Qc8 11. Nf1 Nh5 12. Ng3 Nf4 13. d4 Kh7 14. dxe5 Nxe5 15. Nxe5 dxe5 16. Be3 Bd6 17. Rad1 b6 18. Nf1 Qe8 19. g3 Qh5 20. Bxf4 exf4 21. Qxe6 Rae8 22. Qd5 Re5 23. Qd3 f3 24. Nd2 Bc5 25. Rf1 Qg4 26. b4 Bd6 27. Rfe1 h5 28. Re3 Rd8 29. Nxf3 Be7 30. Qe2 Rxd1+ 31. Qxd1 Re6 32. e5 Qg6 33. Nd4 1-0


[Site "https://www.chess.com"]

[Event "Titled Tuesday Blitz June 6 Late 2023"]
[White "Xiong, Jeffery"]
[Black "Tanenbaum, Zachary"]
[WhiteFideId "2047640"]
[BlackFideId "2060850"]
[WhiteElo "2726"]
[BlackElo "2207"]
[Result "0-1"]
[Round "5"]
[TimeControl "180+2"]
[Date "2023.06.07"]
[WhiteClock "0:01:31"]
[BlackClock "0:00:35"]
[Board "21"]

1. d4 d5 2. c4 dxc4 3. Nf3 Nf6 4. e3 Bg4 5. Bxc4 e6 6. O-O Nc6 7. Nbd2 Bd6 8. Be2 O-O 9. h3 Bh5 10. Nc4 Qe7 11. b3 Rfd8 12. Bb2 e5 13. Nfxe5 Nxe5 14. Bxh5 Nxc4 15. bxc4 c5 16. d5 Be5 17. Bxe5 Qxe5 18. Be2 Ne4 19. Bd3 Nd6 20. Qd2 Re8 21. Rfe1 f5 22. a4 Re7 23. a5 Rf8 24. g3 Ne4 25. Qc2 Nxg3 26. fxg3 Qxg3+ 27. Qg2 Rxe3 28. Bf1 Qe5 29. Rxe3 Qxe3+ 30. Qf2 Qg5+ 31. Bg2 f4 32. Kh2 f3 33. Bxf3 Qe5+ 0-1


[Site "https://www.chess.com"]

[Event "Titled Tuesday Blitz June 6 Late 2023"]
[White "Terry, Renato"]
[Black "Rosen, Eric"]
[WhiteFideId "3803457"]
[BlackFideId "2032562"]
[WhiteElo "2575"]
[BlackElo "2331"]
[Result "1/2-1/2"]
[Round "5"]
[TimeControl "180+2"]
[Date "2023.06.07"]
[WhiteClock "0:00:04"]
[BlackClock "0:00:04"]
[Board "22"]

1. e4 c5 2. Nf3 Nc6 3. g3 g6 4. Bg2 Bg7 5. O-O Nf6 6. Re1 d6 7. c3 Bg4 8. h3 Bxf3 9. Bxf3 O-O 10. Bg2 e5 11. d3 Rb8 12. a4 a6 13. f4 exf4 14. gxf4 Nh5 15. f5 b5 16. axb5 axb5 17. Nd2 Ne5 18. Nf3 b4 19. Nxe5 Bxe5 20. d4 bxc3 21. bxc3 cxd4 22. cxd4 Qb6 23. Be3 Bf4 24. Bf2 Bg3 25. Bxg3 Nxg3 26. Qd3 Qb3 27. Ra3 Qxd3 28. Rxd3 Nh5 29. Rf1 Rb2 30. h4 Rc8 31. fxg6 hxg6 32. Rdf3 Rcc2 33. Bh3 Rh2 34. e5 dxe5 35. dxe5 Nf4 36. Rxf4 Rxh3 37. Rd1 Rg3+ 38. Kf1 Rh3 39. Kg1 Rg3+ 40. Kf1 Rh3 41. Rd8+ Kg7 42. Kg1 Rg3+ 43. Kf1 Ra3 44. Rd1 Rh3 45. Kg1 Rg3+ 46. Kf1 Rh3 47. Kg1 Rg3+ 48. Kf1 Rh3 1/2-1/2


[Site "https://www.chess.com"]

[Event "Titled Tuesday Blitz June 6 Late 2023"]
[White "Licznerski, Lukasz"]
[Black "Matinian, Nikita"]
[WhiteFideId "1179250"]
[BlackFideId "24129100"]
[WhiteElo "2453"]
[BlackElo "2422"]
[Result "1-0"]
[Round "5"]
[TimeControl "180+2"]
[Date "2023.06.07"]
[WhiteClock "0:00:05"]
[BlackClock "0:00:02"]
[Board "23"]

1. e4 d6 2. d4 g6 3. Nc3 a6 4. Nf3 Bg7 5. Be2 b5 6. O-O Bb7 7. a4 b4 8. Nd5 a5 9. Re1 Nd7 10. Bd3 Bxd5 11. exd5 Ngf6 12. Bb5 O-O 13. Bc4 Nb6 14. Bb3 Nbxd5 15. Bg5 c6 16. Qd3 Qd7 17. Re2 Rfe8 18. Rae1 e6 19. g3 Qb7 20. Qd2 Rac8 21. Bc4 Qb6 22. b3 Nc3 23. Re3 d5 24. Bd3 Nfe4 25. Bxe4 Nxe4 26. Rxe4 dxe4 27. Rxe4 f6 28. Bh6 c5 29. Bxg7 Kxg7 30. Rh4 h5 31. g4 Qc6 32. Rh3 Rh8 33. g5 f5 34. Ne5 Qe4 35. Nc4 Rhd8 36. Re3 Qg4+ 37. Kf1 Rxd4 38. Rd3 Rxd3 39. Qxd3 Qd4 40. Qe2 Re8 41. h3 e5 42. Ne3 e4 43. Qa6 Re7 44. Qc6 f4 45. Nd5 Rf7 46. Qe6 e3 47. Nf6 Qd1+ 48. Kg2 f3+ 49. Kg3 Qg1+ 50. Kf4 Qh2+ 51. Kxe3 Qb8 52. Ne8+ Kf8 53. Nf6 Re7 54. Nd7+ Ke8 55. Qxe7+ Kxe7 56. Nxb8 Kd6 57. Na6 Kd5 58. Nc7+ Kd6 59. Nb5+ Kd5 60. Kxf3 c4 61. Ke3 c3 62. f4 Kc5 63. Ke4 1-0


[Site "https://www.chess.com"]

[Event "Titled Tuesday Blitz June 6 Late 2023"]
[White "Jaracz, Pawel"]
[Black "Elsa167"]
[WhiteFideId "1102222"]
[WhiteElo "2454"]
[BlackElo "2885"]
[Result "1/2-1/2"]
[Round "5"]
[TimeControl "180+2"]
[Date "2023.06.07"]
[WhiteClock "0:00:05"]
[BlackClock "0:00:04"]
[Board "24"]

1. e4 e6 2. d4 d5 3. Nd2 c5 4. exd5 Qxd5 5. Ngf3 Nf6 6. Bc4 Qd8 7. O-O cxd4 8. Nb3 Nc6 9. Nbxd4 Nxd4 10. Nxd4 a6 11. c3 Bc5 12. Be3 Qc7 13. Bb3 e5 14. Nc2 Bg4 15. Qe1 O-O 16. Bxc5 Qxc5 17. Qe3 Qc7 18. Rfe1 Rfe8 19. Qg3 Rad8 20. h3 Bf5 21. Ne3 Bg6 22. Nc4 Ne4 23. Qe3 b5 24. Nb6 Nf6 25. Rad1 Be4 26. a4 Bb7 27. a5 Qc6 28. f3 Rxd1 29. Rxd1 h6 30. Nd5 Nxd5 31. Bxd5 Qc7 32. Bxb7 Qxb7 33. Qc5 e4 34. Re1 f5 35. Qxf5 e3 36. Qd3 Qe7 37. Re2 Kh8 38. f4 Qc5 39. Qd4 Qe7 40. b4 Qe6 41. f5 Qe7 42. Kh1 Qg5 43. g4 h5 44. Kg2 h4 45. Kf3 Qe7 46. Rxe3 Qb7+ 47. Kf2 Rf8 48. Qe4 Qc7 49. Qe5 Qc6 50. Qe4 Qd6 51. Qe5 Qd2+ 52. Re2 Qd3 53. Qe3 Qd5 54. Qg5 Qh1 55. Qxh4+ Kg8 56. Qg3 Rd8 57. Qe3 Qh2+ 58. Kf1 Rd1+ 59. Re1 Qh1+ 60. Kf2 Qh2+ 61. Kf1 Qh1+ 62. Kf2 Qh2+ 63. Kf1 1/2-1/2


[Site "https://www.chess.com"]

[Event "Titled Tuesday Blitz June 6 Late 2023"]
[White "Zhurbinsky, David"]
[Black "Moroni, Luca Jr"]
[WhiteFideId "2072904"]
[BlackFideId "865834"]
[WhiteElo "2668"]
[BlackElo "2569"]
[Result "0-1"]
[Round "5"]
[TimeControl "180+2"]
[Date "2023.06.07"]
[WhiteClock "0:00:09"]
[BlackClock "0:00:33"]
[Board "25"]

1. e4 e6 2. d4 d5 3. Nc3 Nf6 4. e5 Nfd7 5. f4 c5 6. Nf3 Nc6 7. Ne2 Qb6 8. c3 cxd4 9. Nexd4 Bc5 10. a4 a5 11. Bb5 O-O 12. O-O f6 13. Kh1 Nxd4 14. cxd4 Bb4 15. g4 fxe5 16. fxe5 Be7 17. Bg5 Qd8 18. Bxe7 Qxe7 19. Rc1 Nb6 20. Qd2 Bd7 21. Rc7 Qd8 22. Rc5 Nxa4 23. Bxa4 Bxa4 24. Qc3 Bc6 25. h4 Rf4 26. Rg1 a4 27. Ng5 h6 28. Nf3 Qe7 29. Qe3 Raf8 30. Rc3 Rxf3 31. Qxf3 Rxf3 32. Rxf3 Qxh4+ 33. Kg2 Qxg4+ 34. Kf2 Qxd4+ 35. Kf1 Bb5+ 36. Kg2 Qxb2+ 37. Rf2 Qxf2+ 38. Kxf2 Bc4 39. Rb1 b5 40. Ke3 a3 41. Kd4 a2 42. Ra1 Kf7 43. Rg1 b4 44. Rc1 h5 45. Rh1 h4 46. Rg1 h3 47. Rh1 h2 48. Re1 g5 49. Rh1 g4 50. Ke3 b3 51. Kf4 b2 52. Kxg4 b1=Q 53. Rxh2 Qf5+ 54. Kh4 Qh7+ 55. Kg5 Qxh2 56. Kg4 Be2+ 57. Kg5 Qxe5+ 58. Kh6 Qg7# 0-1


[Site "https://www.chess.com"]

[Event "Titled Tuesday Blitz June 6 Late 2023"]
[White "Veiga, Jose Francisco R P Neves"]
[Black "Chigaev, Maksim"]
[WhiteFideId "1930087"]
[BlackFideId "4108116"]
[WhiteElo "2319"]
[BlackElo "2561"]
[Result "0-1"]
[Round "5"]
[TimeControl "180+2"]
[Date "2023.06.07"]
[WhiteClock "0:00:04"]
[BlackClock "0:00:09"]
[Board "26"]

1. e4 e6 2. d4 d5 3. Nd2 c5 4. exd5 Qxd5 5. Ngf3 cxd4 6. Bc4 Qd7 7. O-O Nc6 8. Nb3 Nf6 9. Nbxd4 Nxd4 10. Qxd4 Qxd4 11. Nxd4 Bd7 12. Bf4 Rc8 13. Bb3 Bc5 14. Rad1 O-O 15. c3 Rfd8 16. Rfe1 h6 17. h3 a6 18. Be3 Kf8 19. f3 b5 20. Kf2 a5 21. a3 Be7 22. g4 Nd5 23. Kg2 Nxe3+ 24. Rxe3 b4 25. axb4 axb4 26. Red3 bxc3 27. bxc3 Bf6 28. c4 g5 29. Nb5 Bxb5 30. Rxd8+ Bxd8 31. cxb5 Ke7 32. Rb1 Bb6 33. Rd1 Rc3 34. Ba4 Ra3 35. Bc2 Ra2 36. Rd2 Rb2 37. h4 Rxb5 38. hxg5 hxg5 39. Bd3 Rb4 40. Rc2 Kf6 41. Be4 Bd4 42. Rd2 Be5 43. Re2 Bf4 44. Rc2 Rd4 45. Kf2 Ke5 46. Ke2 Kf6 47. Rb2 Rd8 48. Rc2 Rh8 49. Kd3 Rb8 50. Ke2 Rb5 51. Kd3 Ra5 52. Ke2 Ke5 53. Kd3 f5 54. gxf5 exf5 55. Bb7 Rb5 56. Bc6 Rb3+ 57. Ke2 Re3+ 58. Kf2 Ra3 59. Rc5+ Kf6 60. Bd7 Be3+ 61. Kg2 Bxc5 62. Bc6 Ke5 63. Bb5 Kf4 64. Bc4 Rc3 65. Bd5 Rc2+ 66. Kf1 Ke3 67. Ke1 Rc1# 0-1


[Site "https://www.chess.com"]

[Event "Titled Tuesday Blitz June 6 Late 2023"]
[White "Rustemov, Alexander"]
[Black "Blohberger, Felix"]
[WhiteFideId "4119002"]
[BlackFideId "1632051"]
[WhiteElo "2853"]
[BlackElo "2435"]
[Result "0-1"]
[Round "5"]
[TimeControl "180+2"]
[Date "2023.06.07"]
[WhiteClock "0:00:05"]
[BlackClock "0:00:09"]
[Board "27"]

1. d4 Nf6 2. c4 e6 3. Nf3 d5 4. Nc3 Bb4 5. Bg5 h6 6. Bxf6 Qxf6 7. e3 c5 8. cxd5 exd5 9. Bb5+ Bd7 10. O-O Bxc3 11. Bxd7+ Nxd7 12. bxc3 O-O 13. Qb3 Qc6 14. a4 c4 15. Qb5 a6 16. Qb4 b6 17. Rfb1 Rfe8 18. h3 Re6 19. Ra2 Rae8 20. Rab2 Rg6 21. g3 Qf6 22. Kg2 Qe6 23. Nd2 h5 24. h4 Qg4 25. Re1 Qxh4 26. Rh1 Qg4 27. Nf3 Rxe3 28. Nh4 Rxg3+ 29. fxg3 Qxg3+ 30. Kf1 Rf6+ 31. Ke2 Rf2+ 32. Kd1 Qd3+ 33. Kc1 Qe3+ 34. Kb1 Qe4+ 35. Ka2 Rxb2+ 36. Kxb2 Qxh1 37. Qe7 Qh2+ 38. Kb1 Nf6 39. Qe1 g6 40. Nf3 Qg2 41. Ne5 Qe4+ 42. Qxe4 Nxe4 43. Kc2 h4 44. Nf3 h3 45. a5 bxa5 46. Kd1 Nxc3+ 47. Ke1 Ne4 48. Kf1 a4 49. Ne1 a3 50. Nc2 a2 51. Kg1 g5 52. Kh2 g4 53. Na1 Kg7 54. Nc2 Kg6 55. Na1 Kg5 56. Nc2 Kh4 57. Ne3 g3+ 58. Kh1 a1=Q+ 0-1


[Site "https://www.chess.com"]

[Event "Titled Tuesday Blitz June 6 Late 2023"]
[White "Najer, Evgeniy"]
[Black "Bryakin, Mikhail"]
[WhiteFideId "4118987"]
[BlackFideId "4165314"]
[WhiteElo "2545"]
[BlackElo "2464"]
[Result "1-0"]
[Round "5"]
[TimeControl "180+2"]
[Date "2023.06.07"]
[WhiteClock "0:00:15"]
[BlackClock "0:00:39"]
[Board "28"]

1. d4 Nf6 2. c4 e5 3. dxe5 Ng4 4. e3 Nxe5 5. Nh3 Bb4+ 6. Bd2 Bxd2+ 7. Qxd2 O-O 8. Nf4 b6 9. Nc3 Bb7 10. Be2 d6 11. O-O Nbd7 12. Nfd5 Nf6 13. f4 Ned7 14. Bf3 Nxd5 15. cxd5 Re8 16. Rfe1 a5 17. Rad1 Nc5 18. e4 f6 19. Qd4 Qd7 20. Re3 Re7 21. Rde1 Rae8 22. Bh5 Rf8 23. h3 Ba6 24. Bg4 Qe8 25. a3 a4 26. Bd1 Bb5 27. Kh2 Bd7 28. Bc2 Qa8 29. e5 fxe5 30. fxe5 dxe5 31. Rxe5 Ref7 32. Bxh7+ Kxh7 33. Qh4+ Kg8 34. Rh5 Rf6 35. Rh8+ Kf7 36. Qh5+ Rg6 37. Rf1+ Ke7 38. Rfxf8 1-0


[Site "https://www.chess.com"]

[Event "Titled Tuesday Blitz June 6 Late 2023"]
[White "Schmakel, Sam"]
[Black "Papp, Levente"]
[WhiteFideId "2039311"]
[BlackFideId "751243"]
[WhiteElo "2356"]
[BlackElo "2380"]
[Result "1-0"]
[Round "5"]
[TimeControl "180+2"]
[Date "2023.06.07"]
[WhiteClock "0:00:11"]
[BlackClock "0:00:01"]
[Board "29"]

1. d4 e6 2. c4 b6 3. e4 Bb7 4. Nc3 Bb4 5. Bd3 f5 6. Qh5+ g6 7. Qe2 Nf6 8. Bg5 fxe4 9. Bxf6 Qxf6 10. Bxe4 Bxe4 11. Qxe4 Nc6 12. Nf3 O-O 13. O-O Bxc3 14. bxc3 Na5 15. c5 bxc5 16. dxc5 Qxc3 17. Ne5 Rad8 18. Rad1 d5 19. cxd6 cxd6 20. Ng4 Qc4 21. Rd4 Qc8 22. Ra4 Nc6 23. Rc1 d5 24. Qe3 Qd7 25. h4 Rc8 26. Ra6 h5 27. Rcxc6 Rxc6 28. Ne5 d4 29. Qg5 Qg7 30. Rxc6 Rf5 31. Rc8+ Kh7 32. Qd8 Rxe5 33. Rc1 1-0


[Site "https://www.chess.com"]

[Event "Titled Tuesday Blitz June 6 Late 2023"]
[White "Fernandez Guillen, Ernesto J."]
[Black "Amburgy, Ryan"]
[WhiteFideId "3512428"]
[BlackFideId "30924820"]
[WhiteElo "2434"]
[BlackElo "2134"]
[Result "1-0"]
[Round "5"]
[TimeControl "180+2"]
[Date "2023.06.07"]
[WhiteClock "0:00:47"]
[BlackClock "0:00:16"]
[Board "30"]

1. e4 e5 2. Nf3 Nc6 3. d4 exd4 4. Bc4 Bc5 5. O-O d6 6. c3 Bg4 7. h3 Bxf3 8. Qxf3 Ne5 9. Qe2 Nf6 10. cxd4 Bxd4 11. Bb3 O-O 12. Kh1 Re8 13. f4 Nc6 14. Nd2 Qe7 15. Bc2 Nd7 16. Qh5 g6 17. Qf3 Qf6 18. e5 dxe5 19. Ne4 Qg7 20. f5 f6 21. fxg6 hxg6 22. Qg4 f5 23. Bb3+ Kh8 24. Qh4+ Qh7 25. Bh6 Be3 26. Ng5 Bxg5 27. Qxg5 Nd4 28. Rad1 Nc5 29. Qf6+ 1-0


[Site "https://www.chess.com"]

[Event "Titled Tuesday Blitz June 6 Late 2023"]
[White "Popilski, Gil"]
[Black "Tejedor Fuente, Enrique"]
[WhiteFideId "2809060"]
[BlackFideId "2299100"]
[WhiteElo "2537"]
[BlackElo "2496"]
[Result "1-0"]
[Round "5"]
[TimeControl "180+2"]
[Date "2023.06.07"]
[WhiteClock "0:00:52"]
[BlackClock "0:00:01"]
[Board "31"]

1. d4 c5 2. e3 d5 3. Nf3 Nf6 4. Nbd2 Nc6 5. Bb5 Qb6 6. c4 dxc4 7. Qa4 Bd7 8. Nxc4 Qc7 9. dxc5 e6 10. Nb6 Rd8 11. Nxd7 Nxd7 12. b4 Be7 13. Bb2 O-O 14. O-O Nce5 15. Bxd7 Nxf3+ 16. gxf3 Rxd7 17. Be5 Qc6 18. Qxc6 bxc6 19. Rfd1 Rfd8 20. Rxd7 Rxd7 21. Rc1 f6 22. Bc3 e5 23. Kf1 Kf7 24. Ke2 Ke6 25. e4 Rb7 26. a3 a6 27. Rd1 g5 28. Kd3 h5 29. Kc4 h4 30. h3 Rb8 31. a4 Rb7 32. Rd3 Rb8 33. Bd2 Rb7 34. Be3 Rb8 35. Rb3 Kd7 36. b5 axb5+ 37. axb5 cxb5+ 38. Rxb5 Ra8 39. Kd5 Ra3 40. Rb7+ Ke8 41. Ke6 Ra6+ 42. Kd5 Bd8 43. c6 Ra1 44. Ke6 Rd1 45. Rh7 Kf8 46. c7 Bxc7 47. Rxc7 Rh1 48. Kxf6 Ke8 49. Bb6 Rxh3 50. Re7+ 1-0


[Site "https://www.chess.com"]

[Event "Titled Tuesday Blitz June 6 Late 2023"]
[White "Pakleza, Zbigniew"]
[Black "Annaberdiyev, Meylis"]
[WhiteFideId "1119290"]
[BlackFideId "14000563"]
[WhiteElo "2410"]
[BlackElo "2416"]
[Result "1-0"]
[Round "5"]
[TimeControl "180+2"]
[Date "2023.06.07"]
[WhiteClock "0:00:03"]
[BlackClock "0:00:13"]
[Board "32"]

1. d4 Nf6 2. Nf3 g6 3. Bf4 Bg7 4. e3 d6 5. Be2 O-O 6. h3 Nc6 7. O-O Ne4 8. Bh2 e5 9. c3 Qe7 10. Nbd2 Nxd2 11. Nxd2 f5 12. b4 Kh8 13. Nc4 g5 14. b5 Nd8 15. dxe5 dxe5 16. e4 f4 17. Bg4 Nf7 18. Qb3 Nd6 19. Nxd6 cxd6 20. Rfd1 f3 21. gxf3 h5 22. Bxh5 Bxh3 23. Qd5 Rad8 24. Bg3 Rf6 25. Bg4 Rh6 26. Bxh3 Rxh3 27. Kg2 Rh6 28. Rh1 Qf6 29. Rxh6+ Bxh6 30. Rd1 Rf8 31. Rd3 g4 32. fxg4 Bf4 33. Qxd6 Qg7 34. Qd7 Rf7 35. Qe8+ Kh7 36. Rd8 Bxg3 37. Kxg3 Qf6 38. Qg8+ Kh6 39. Qh8+ Qxh8 40. Rxh8+ Kg7 41. Re8 Rc7 42. Rxe5 Rxc3+ 43. f3 Ra3 44. Re7+ Kf6 45. Rxb7 a5 46. bxa6 Rxa6 47. Kf4 Rxa2 48. g5+ Ke6 49. Rb6+ Kf7 50. Kf5 Ra5+ 51. e5 Ra4 52. Rb7+ Kg8 53. f4 Ra6 54. g6 Rc6 55. Kg5 Rc5 56. Kh6 Rc7 57. Rb8+ 1-0


[Site "https://www.chess.com"]

[Event "Titled Tuesday Blitz June 6 Late 2023"]
[White "Bitoon, Richard"]
[Black "Oro, Faustino"]
[WhiteFideId "5201110"]
[BlackFideId "20000197"]
[WhiteElo "2374"]
[BlackElo "1984"]
[Result "1-0"]
[Round "5"]
[TimeControl "180+2"]
[Date "2023.06.07"]
[WhiteClock "0:00:46"]
[BlackClock "0:00:09"]
[Board "33"]

1. e4 c5 2. c3 Nf6 3. e5 Nd5 4. d4 cxd4 5. Nf3 Nc6 6. Bc4 Nb6 7. Bb3 d5 8. exd6 Qxd6 9. O-O Be6 10. Na3 a6 11. Re1 Bxb3 12. Qxb3 Na5 13. Qd1 e6 14. Nxd4 Be7 15. Qf3 O-O 16. Bf4 Qd5 17. Qg3 Kh8 18. Re5 Qd8 19. Rxa5 Nd5 20. Be5 Rg8 21. Ra4 b5 22. Nc6 Qd7 23. Nxe7 Qxe7 24. Rh4 f6 25. Bd6 Qf7 26. c4 bxc4 27. Nxc4 e5 28. Bxe5 Rgd8 29. Bd4 Ne7 30. Qh3 h6 31. Bc3 Nd5 32. Bd2 Ne7 33. Bxh6 gxh6 34. Rxh6+ Kg7 35. Rh7+ 1-0


[Site "https://www.chess.com"]

[Event "Titled Tuesday Blitz June 6 Late 2023"]
[White "Vlassov, Nikolai"]
[Black "Sokolovsky, Yahli"]
[WhiteFideId "4103360"]
[BlackFideId "2820242"]
[WhiteElo "2324"]
[BlackElo "2389"]
[Result "0-1"]
[Round "5"]
[TimeControl "180+2"]
[Date "2023.06.07"]
[WhiteClock "0:00:02"]
[BlackClock "0:00:02"]
[Board "34"]

1. e4 d6 2. f4 Nf6 3. Nc3 g6 4. Nf3 Bg7 5. e5 dxe5 6. fxe5 Nd5 7. Bc4 Nxc3 8. bxc3 O-O 9. O-O Bg4 10. d4 c5 11. Be3 Nc6 12. Rb1 cxd4 13. cxd4 Bxf3 14. Rxf3 Qd7 15. Rxf7 Rxf7 16. e6 Qc7 17. exf7+ Kh8 18. Be6 Rd8 19. d5 Qe5 20. Bf2 Nd4 21. Bxd4 Qxd4+ 22. Qxd4 Bxd4+ 23. Kf1 b6 24. Ke2 Kg7 25. Kd3 Bc5 26. Rf1 Kf8 27. Kc4 a6 28. a4 a5 29. Kb5 Kg7 30. Kc6 Rf8 31. Rb1 Rb8 32. Rb5 Bg1 33. h3 Rd8 34. c4 Rd6+ 35. Kc7 Bh2 36. Kb7 Bg1 37. g3 Kf8 38. h4 h6 39. Rb1 Bd4 40. g4 Bf2 41. h5 g5 42. Rf1 Bd4 43. Rf5 Be3 44. Kc7 Bg1 45. Rf3 Bh2 46. Kb7 Bg1 47. Rf1 Be3 48. Re1 Bd4 49. Rd1 Be3 50. Rd3 Bf2 51. Rb3 Bd4 52. Kc7 Be5 53. Kb7 Bd4 54. Rb1 Be3 55. Re1 Bf2 56. Re2 Bd4 57. Kc8 Bc5 58. Bd7 Kxf7 59. Be6+ Kf6 60. Re1 Bb4 61. Rf1+ Ke5 62. Rf7 Bc5 63. Rh7 Kd4 64. Rxh6 Kxc4 65. Rg6 Kb4 66. h6 Kxa4 67. h7 Bd4 68. Rxg5 b5 69. Rf5 b4 70. g5 Ka3 71. g6 b3 72. Rf3 Ka2 73. Rd3 Bg7 0-1


[Site "https://www.chess.com"]

[Event "Titled Tuesday Blitz June 6 Late 2023"]
[White "Golubev, Mikhail"]
[Black "Somalianwarrior2006"]
[WhiteFideId "14100983"]
[WhiteElo "2374"]
[BlackElo "2754"]
[Result "1-0"]
[Round "5"]
[TimeControl "180+2"]
[Date "2023.06.07"]
[WhiteClock "0:00:14"]
[BlackClock "0:00:04"]
[Board "35"]

1. e4 c5 2. Nf3 e6 3. d4 cxd4 4. Nxd4 Nc6 5. Nc3 Qc7 6. Be3 a6 7. Bd3 Nf6 8. O-O b5 9. Nxc6 dxc6 10. f4 e5 11. fxe5 Ng4 12. Bf4 Nxe5 13. Qh5 Bd6 14. Kh1 O-O 15. h3 Ng6 16. Bxd6 Qxd6 17. e5 Qe7 18. Ne4 h6 19. Nf6+ Kh8 20. Bxg6 fxg6 21. Qxg6 gxf6 22. Qxh6+ Kg8 23. Rxf6 Rxf6 24. exf6 Qh7 25. Qg5+ Kf7 26. Re1 Be6 27. Qe5 Qf5 28. Qc7+ Kxf6 29. Re3 Rc8 30. Qd6 Qd5 31. Rf3+ Kg6 32. Qg3+ 1-0


[Site "https://www.chess.com"]